 Dungeon Crawl Stone Soup version 0.30-a0-1085-g990a428a5c (webtiles) character file.

Game seed: 6215645501813685272

35198 Majang the Basher (level 14, -11/109 HPs)
             Began as a Formicid Fighter on Apr 16, 2023.
             Was the Champion of Cheibriados.
             Mangled by a rockslime (25 damage)
             ... on level 4 of the Lair of Beasts.
             The game lasted 01:18:15 (14739 turns).

Majang the Basher (Formicid Fighter)               Turns: 14739, Time: 01:18:18

Health: -11/109    AC:  9    Str: 41    XL:     14   Next: 17%
Magic:  16/21      EV: 18    Int: 23    God:    Cheibriados [******]
Gold:   1012       SH:  9    Dex: 32    Spells: 13/13 levels left

rFire   + + +      SeeInvis +    a - +6 eveningstar
rCold   . . .      Faith    .    c - +0 buckler
rNeg    + . .      Spirit   .    w - +0 fire dragon scales
rPois   .          Reflect  .    (helmet unavailable)
rElec   .          Rampage  .    D - scarf {rC+ rF+}
rCorr   +                        m - +1 pair of gloves
Will    +....                    (no boots)
Stlth   ++                       l - amulet of regeneration
HPRegen 1.18/turn                g - ring of protection from fire
MPRegen 0.17/turn                I - ring "Waygau" {rN+ rCorr Dex+4 Stlth+}

@: corroded, very slow
A: permanent stasis, dig shafts and tunnels, antennae 3, four strong arms
a: Dig, Shaft Self, Renounce Religion, Bend Time, Temporal Distortion, Slouch,
Step From Time


You were on level 4 of the Lair of Beasts.
You worshipped Cheibriados.
Cheibriados was exalted by your worship.
You visited 3 branches of the dungeon, and saw 16 of its levels.
You also visited: Bailey and Volcano.

You collected 1012 gold pieces.

Inventory:

Hand Weapons
 a - a +6 eveningstar (weapon)
 b - a +2 battleaxe of flaming
 q - a +1 vampiric dire flail
 S - a +0 dire flail
Missiles
 i - 4 boomerangs
 k - 166 stones (quivered)
 F - 8 javelins
Armour
 c - a +0 buckler (worn)
 m - a +1 pair of gloves (worn)
 o - a +0 ring mail of poison resistance
 w - +0 fire dragon scales (worn)
 D - a scarf of resistance (worn)
 R - a +0 plate armour
Jewellery
 g - a ring of protection from fire (left hand)
 l - an amulet of regeneration (around neck)
 B - a ring of ice
 I - the ring "Waygau" (right hand) {rN+ rCorr Dex+4 Stlth+}
   (You found it on level 7 of the Dungeon)

   [ring of resist corrosion]

   Dex:       It affects your dexterity (+4).
   rN:        It protects you from negative energy.
   rCorr:     It protects you from acid and corrosion.
   Stlth:     It makes you more stealthy.
 J - an amulet of reflection
 V - a ring of protection from cold
Wands
 n - a wand of digging (3)
 p - a wand of polymorph (3)
 r - a wand of charming (20)
 t - a wand of iceblast (22)
 M - a wand of mindburst (13)
 Q - a wand of flame (10)
Scrolls
 h - 3 scrolls of magic mapping
 u - a scroll of fear
 x - a scroll of brand weapon
 y - 2 scrolls of immolation
 H - a scroll of silence
 T - 2 scrolls of enchant armour
Potions
 d - a potion of invisibility
 e - a potion of curing
 f - 2 potions of magic
 j - 9 potions of lignification
 s - 4 potions of might
 v - 6 potions of mutation
 z - 2 potions of attraction {unknown}
 A - 3 potions of flight
 C - 2 potions of resistance
 K - a potion of cancellation
 L - 3 potions of heal wounds
Miscellaneous
 O - a phial of floods


   Skills:
 + Level 9.6 Fighting
 * Level 11.9 Maces & Flails
 + Level 7.6 Throwing
 + Level 9.2 Armour
 + Level 6.8 Dodging
 + Level 10.8 Shields
 + Level 9.4 Invocations
 + Level 8.2 Evocations


You had 13 spell levels left.
You didn't know any spells.
Your spell library contained the following spells:

 Spells                   Type           Power      Damage    Failure   Level
 Kiss of Death            Conj/Necr      0%         2d5       30%         1
 Lesser Beckoning         Tloc           0%         N/A       43%         2
 Sublimation of Blood     Necr           0%         N/A       43%         2
 Wereblood                Tmut           0%         N/A       43%         2
 Confusing Touch          Hex            0%         N/A       67%         3
 Dazzling Flash           Conj/Hex       0%         N/A       67%         3
 Gell's Gravitas          Tloc           0%         N/A       67%         3
 Teleport Other           Tloc           0%         N/A       67%         3
 Volatile Blastmotes      Fire/Tloc      0%         2d10      67%         3
 Animate Dead             Necr           0%         N/A       97%         4
 Dispel Undead            Necr           0%         3d6       97%         4
 Fulminant Prism          Conj/Hex       0%         3d5       97%         4
 Iskenderun's Mystic Bla  Conj/Tloc      0%         2d3       97%         4
 Agony                    Necr           0%         N/A       100%        5
 Arcjolt                  Conj/Air       0%         1d10      100%        5
 Lee's Rapid Deconstruct  Erth           0%         3d4*      100%        5
 Silence                  Hex/Air        0%         N/A       100%        5
 Plasma Beam              Fire/Air       0%         2x1d11    100%        6
 Haunt                    Necr/Summ      0%         N/A       100%        7
 Summon Hydra             Summ           0%         N/A       100%        7
 Infestation              Necr           0%         N/A       100%        8
 Vhi's Electric Charge    Tloc/Air       Unusable   N/A       N/A         3

Dungeon Overview and Level Annotations

Branches:
Dungeon (10/15)            Temple (1/1) D:7            Lair (5/5) D:10
 Shoals (0/4) Lair:3       Spider (0/4) Lair:3        Slime (0/5) Lair:4
 Bailey (visited)         Volcano (visited)
    Orc: D:9-12

Altars:
Ashenzari
Cheibriados
Dithmenos
Fedhas
Kikubaaqudgha
Makhleb
Nemelex Xobeh
Okawaru
Qazlal
Ru
Sif Muna
Uskayaw
Wu Jian
Yredelemnul
Zin
Jiyva

Annotations:
Lair:2 1 runed translucent door, Kuef's ghost, journeyman MiFi
Lair:4 Xiggev's ghost, journeyman OpMo


Innate Abilities, Weirdness & Mutations

You cannot be hasted, slowed, berserked, paralysed or teleported.
You can dig through walls and to a lower floor.
You have a pair of large antennae on your head. (SInv)
Your four strong arms can wield two-handed weapons with a shield.


Message History

Flame seeps out of the acid blob. x2; Flame seeps out of the azure jelly. x2
Flame seeps out of the acid blob.
Flame seeps out of the rockslime.
Flame seeps out of Xiggev's ghost.
Flame seeps out of the acid blob. x2
Flame seeps out of the azure jelly. x2; Flame seeps out of the acid blob.
Flame seeps out of the slime creature.
Flame seeps out of the acid blob. x2
Flame seeps out of the very large slime creature.
The azure jelly is engulfed in blazing flames.
Flame seeps out of the azure jelly.
The rockslime is engulfed in blazing flames.
Flame seeps out of the rockslime.
The rockslime hits you!!
* * * LOW HITPOINT WARNING * * *
You stumble backwards!
The acid blob is engulfed in blazing flames.
Flame seeps out of the acid blob.
Xiggev's ghost is engulfed in blazing flames.
Flame seeps out of Xiggev's ghost.
The azure jelly is engulfed in blazing flames.
Flame seeps out of the azure jelly.
The very large slime creature is engulfed in blazing flames.
Flame seeps out of the very large slime creature.
A very large slime creature splits.
The acid blob is engulfed in blazing flames.
Flame seeps out of the acid blob.
The acid blob is engulfed in blazing flames.
Flame seeps out of the acid blob.
The acid blob is engulfed in blazing flames.
Flame seeps out of the acid blob.
The azure jelly is engulfed in blazing flames.
Flame seeps out of the azure jelly.
The azure jelly is engulfed in blazing flames.
Flame seeps out of the azure jelly.
The acid blob is engulfed in blazing flames.
Flame seeps out of the acid blob.
The acid blob is engulfed in blazing flames.
Flame seeps out of the acid blob.
The acid blob is engulfed in blazing flames.
Flame seeps out of the acid blob.
The acid blob is engulfed in blazing flames.
Flame seeps out of the acid blob.
The rockslime hits you!!
You die...

#...................# ##.......
P...................# #........
#...................# #P.......
P...................######<...<..
#..................##...##.......
#.................○#○J...##......
#................J○JJ...)!#......
#................JJJJJ○.?_#......
#...............@JJJJJ..$|#......
#.................W#JJ...##......
#..................##J..##.......
#...................#####.......)
......................###........
P...................#.#.PP.......
.................)......P........
.................................
..................†.)..^.........


You could see 8 acid blobs, 4 azure jellies, a large slime creature (inner
flame), 2 slime creatures, 2 rockslimes and Xiggev's ghost (inner flame).

Vanquished Creatures
  A boulder beetle (Lair:4)
  2 two-headed ogres (D:10)
  Urug (Lair:4)
  2 skysharks (Lair:4)
  A pharaoh ant (Lair:3)
  A lindwurm (Lair:2)
  A manticore (D:10)
  8 elephants
  A merfolk siren (Lair:3)
  2 black mambas (Lair:3)
  A molten gargoyle (Volcano)
  6 cane toads
  A gargoyle (Volcano)
  The ghost of scienide the Shield-Bearer, a novice GrFi of Okawaru (D:5)
  4 rime drakes
  5 komodo dragons
  3 trolls
  2 polar bears
  A tarantella (Lair:3)
  2 hornets
  9 blink frogs
  69 yaks
  A shadow (D:10)
  2 wyverns
  A wraith (D:10)
  2 fire elementals (Volcano)
  6 steam dragons
  2 redbacks (Lair:3)
  4 acid dragons
  9 water moccasins
  2 floating eyes (D:10)
  5 orc warriors
  2 ice beasts (D:8)
  2 black bears
  A sky beast (D:6)
  A centaur (D:10)
  An ogre (D:7)
  6 wolves (Lair:1)
  A phantom (D:6)
  4 kobold brigands
  12 bullfrogs
  Blork the orc (D:4)
  4 gnoll sergeants
  4 scorpions
  5 wights
  12 killer bees
  2 howler monkeys (D:7)
  6 jellies
  3 quasits (D:4)
  4 hounds
  A gnoll bouda (D:8)
  3 orc priests
  3 iguanas
  2 sleepcaps
  Ijyb (D:5)
  Terence (D:2)
  8 orc wizards
  32 gnolls
  9 adders
  3 shadow imps
  4 white imps
  An ufetubus (D:4)
  2 worms
  2 dart slugs
  30 orcs
  10 ball pythons
  6 endoplasms
  4 giant cockroaches
  11 goblins
  7 hobgoblins
  3 jackals (D:2)
  18 kobolds
  A quokka (D:2)
  4 bats
  2 frilled lizards
  4 rats
401 creatures vanquished.

Vanquished Creatures (collateral kills)
  An orc warrior (D:9)
  An orc (D:9)
2 creatures vanquished.

Vanquished Creatures (others)
  A howler monkey (D:7)
  2 gnolls
  An orc (D:9)
  A kobold (D:9)
  22 fungi
  30 plants
57 creatures vanquished.

Grand Total: 460 creatures vanquished

Notes
Turn   | Place    | Note
-------+----------+-------------------------------------------
     0 | D:1      | Majang the Formicid Fighter began the quest for the Orb.
     0 | D:1      | Reached XP level 1. HP: 18/18 MP: 1/1
    54 | D:1      | Reached XP level 2. HP: 23/24 MP: 2/2
   456 | D:1      | Reached XP level 3. HP: 24/30 MP: 3/3
   583 | D:2      | Reached skill level 3 in Maces & Flails
   718 | D:2      | Noticed Terence
   724 | D:2      | Killed Terence
   788 | D:2      | Reached XP level 4. HP: 37/37 MP: 4/4
  1515 | D:3      | Reached skill level 4 in Maces & Flails
  1631 | D:3      | Found an ancient bone altar of Kikubaaqudgha.
  1803 | D:3      | Reached XP level 5. HP: 42/42 MP: 5/5
  1911 | D:3      | Found a snail-covered altar of Cheibriados.
  1937 | D:3      | Became a worshipper of Cheibriados the Contemplative
  2426 | D:4      | Reached skill level 1 in Invocations
  2472 | D:4      | Reached XP level 6. HP: 41/49 MP: 5/7
  2478 | D:4      | Reached skill level 5 in Maces & Flails
  2538 | D:4      | You fall into a shaft and drop 3 floors!
  2592 | D:7      | Noticed an ogre
  2597 | D:7      | Reached skill level 5 in Fighting
  2597 | D:7      | Reached XP level 7. HP: 44/56 MP: 8/8
  2601 | D:7      | Reached skill level 1 in Evocations
  2685 | D:6      | Reached skill level 1 in Throwing
  2705 | D:6      | Reached * piety under Cheibriados
  2741 | D:7      | Reached skill level 1 in Dodging
  2870 | D:6      | Reached XP level 8. HP: 62/62 MP: 10/10
  3067 | D:5      | Entered Level 5 of the Dungeon
  3373 | D:4      | Reached skill level 6 in Maces & Flails
  3657 | D:4      | Noticed Blork the orc
  3667 | D:4      | Killed Blork the orc
  3668 | D:4      | Reached skill level 5 in Shields
  3961 | D:5      | Noticed scienide's ghost (novice GrFi)
  3974 | D:5      | Found a runed translucent gate.
  3974 | D:5      | Found a runed translucent gate.
  3974 | D:5      | Found a runed translucent gate.
  4018 | D:5      | Noticed Ijyb
  4038 | D:5      | Killed Ijyb
  4038 | D:5      | Reached ** piety under Cheibriados
  4468 | D:6      | Reached XP level 9. HP: 58/69 MP: 11/11
  4832 | D:7      | Found a basalt altar of Yredelemnul.
  5065 | D:7      | Found a staircase to the Ecumenical Temple.
  5069 | D:7      | Noticed a troll
  5076 | Temple   | Entered the Ecumenical Temple
  5080 | Temple   | Killed a troll
  5188 | D:7      | Reached skill level 7 in Maces & Flails
  5263 | D:7      | Noticed a +0 dagger
  5314 | D:7      | Noticed a +0 short sword
  5314 | D:7      | Noticed a +0 dagger
  5340 | D:7      | Reached skill level 5 in Armour
  5358 | D:7      | Identified the ring "Waygau" {rN+ rCorr Dex+4 Stlth+}
  5396 | D:7      | Noticed a +0 spear
  5396 | D:7      | Noticed a +0 falchion
  5398 | D:7      | Noticed a +0 falchion
  5402 | D:7      | Noticed a +0 spear
  5411 | D:7      | Noticed a +0 short sword
  5422 | D:7      | Found a hide-covered altar of Uskayaw.
  5660 | D:8      | Reached *** piety under Cheibriados
  5830 | D:8      | Reached XP level 10. HP: 77/77 MP: 13/13
  5853 | D:8      | Reached skill level 5 in Invocations
  5912 | D:8      | Found a flagged portal.
  5922 | Bailey   | Entered a bailey
  6023 | Bailey   | Acquired an amulet of reflection
  6212 | Bailey   | Reached **** piety under Cheibriados
  6584 | D:8      | Reached skill level 8 in Maces & Flails
  6798 | D:8      | Found a stormy altar of Qazlal.
  7128 | D:8      | Noticed a komodo dragon
  7135 | D:8      | Killed a komodo dragon
  7956 | D:8      | Reached XP level 11. HP: 84/84 MP: 15/15
  7963 | D:8      | Reached skill level 5 in Evocations
  7972 | D:8      | Reached ***** piety under Cheibriados
  8308 | D:8      | Reached skill level 5 in Throwing
  8363 | D:9      | Reached skill level 9 in Maces & Flails
  8420 | D:9      | Identified the staff of earth "Zerirakk" {rCorr Int-2
                  | Dex+5}
  8649 | D:9      | Found a sparkling altar of Nemelex Xobeh.
  8674 | D:9      | Found an iron altar of Okawaru.
  8873 | D:9      | Found a shimmering blue altar of Sif Muna.
  8876 | D:9      | Found a broken altar of Ashenzari.
  9166 | D:10     | Entered Level 10 of the Dungeon
  9518 | D:10     | Noticed a two-headed ogre
  9525 | D:10     | Killed a two-headed ogre
  9526 | D:10     | Reached skill level 5 in Dodging
  9686 | D:10     | Reached XP level 12. HP: 92/92 MP: 17/17
  9800 | D:10     | Reached ****** piety under Cheibriados
  9916 | D:10     | Noticed a two-headed ogre
  9937 | D:10     | Killed a two-headed ogre
 10076 | D:10     | Found a staircase to the Lair.
 10098 | D:10     | Reached skill level 10 in Maces & Flails
 10496 | Lair:1   | Entered Level 1 of the Lair of Beasts
 11592 | Lair:2   | Found a dark tunnel.
 11601 | Volcano  | Entered a volcano
 11956 | Lair:2   | Reached XP level 13. HP: 95/99 MP: 19/19
 12319 | Lair:2   | Noticed Kuef's ghost (journeyman MiFi)
 12323 | Lair:2   | Found a runed translucent door.
 12673 | D:5      | Killed scienide's ghost
 12897 | Lair:3   | Reached skill level 11 in Maces & Flails
 12930 | Lair:3   | Found a staircase to the Shoals.
 13023 | Lair:3   | Reached skill level 10 in Shields
 13178 | Lair:3   | Found a snail-covered altar of Cheibriados.
 13279 | Lair:3   | Found a hole to the Spider Nest.
 13417 | Lair:3   | You fall into a shaft and drop 2 floors!
 13417 | Lair:5   | Entered Level 5 of the Lair of Beasts
 13596 | Lair:4   | Noticed Urug
 13621 | Lair:4   | Killed Urug
 13827 | Lair:4   | Reached XP level 14. HP: 107/108 MP: 20/20
 13886 | Lair:4   | Found a runed translucent gate.
 13887 | Lair:4   | Noticed an acid blob
 13887 | Lair:4   | Noticed an azure jelly
 13890 | Lair:4   | Found a runed translucent gate.
 14266 | Lair:4   | Found a runed translucent gate.
 14268 | Lair:4   | Noticed an azure jelly
 14269 | Lair:4   | Noticed an azure jelly
 14269 | Lair:4   | Noticed a rockslime
 14270 | Lair:4   | Noticed an acid blob
 14270 | Lair:4   | Noticed an acid blob
 14270 | Lair:4   | Noticed an acid blob
 14270 | Lair:4   | Noticed a rockslime
 14270 | Lair:4   | Noticed an acid blob
 14270 | Lair:4   | Noticed an acid blob
 14271 | Lair:4   | Noticed an azure jelly
 14271 | Lair:4   | Noticed Xiggev's ghost (journeyman OpMo)
 14271 | Lair:4   | Noticed an acid blob
 14272 | Lair:4   | Noticed an acid blob
 14493 | Lair:4   | Found a staircase to the Slime Pits.
 14493 | Lair:4   | Found a viscous altar of Jiyva.
 14720 | Lair:4   | Found a viscous altar of Jiyva.
 14739 | Lair:4   | Mangled by a rockslime

Illustrated notes

Levels and vault maps discovered:
D:1:      mrwooster_arrival_statue, layout_basic
D:2:      layout_loops_corners, uniq_terence
D:3:      layout_basic, cheibriados_altar_1,
          mainiacjoe_overflow_surrounded_room, minmay_tree_intersection,
          roderic_roman_lattice
D:4:      cheibrodos_quashed, layout_loops_corners, uniq_blork_the_orc
D:5:      layout_rooms, gammafunk_ghost_split, kennysheep_generic_room_12,
          uniq_ijyb
D:6:      layout_rooms, kennysheep_generic_room_10
D:7:      layout_gridville, mainiacjoe_overflow_paths,
          nicolae_uskayaw_en_pointe, temple_green,
          chequers_serial_rivers_micro_e, kennysheep_pointless_box
D:8:      wad_crossroads, layout_layer_cave, grunt_qazlal_clouds, enter_bailey_5
D:9:      layout_basic, minitemple, nemelex_spade_bored_becter,
          overflow_temple_1_default
D:10:     layout_stronghold, grunt_lair_entry_orc_guard_hut, serial_glass,
          glass_columns_b, glass_columns_b, glass_columns_a, glass_columns_b,
          glass_columns_a, glass_columns_a, onia_ninara_cookie
Temple:   cyrus_circular_temple
Lair:1:   layout_regular_city, serial_bayou_ford_a
Lair:2:   layout_gridlike, nicolae_volcano_entry_vermiform,
          hellmonk_ghost_happy_afterlife
Lair:3:   layout_hall_layers, minmay_shoals_entry_lonely_mermaid,
          nicolae_spider_entry_lesser_pyramids, basic_altar, fungi_pond_lemuel,
          lemuel_fruit_tree
Lair:4:   layout_long_grid, nicolae_slime_entry_slimehenge,
          gammafunk_ghost_ooze, uniq_urug
Lair:5:   minmay_lair_end_frog_pond, layout_hall_layers

Skill      XL: |  1  2  3  4  5  6  7  8  9 10 11 12 13 |
---------------+----------------------------------------+-----
Maces & Flails | 3 4 5 6 7 8 9 10 11 | 11.9
Fighting       | 4 5 6 7 8 9 |  9.6
Invocations    | 1 2 3 4 6 7 8 9 |  9.4
Evocations     | 1 2 3 4 6 7 8 |  8.2
Throwing       | 1 2 3 4 5 6 7 |  7.6
Dodging        | 1 2 3 4 5 6 |  6.8
Armour         | 4 5 6 7 8 9 |  9.2
Shields        | 5 6 7 8 9 10 | 10.8

Action                     |  1- 3 |  4- 6 |  7- 9 | 10-12 | 13-15 || total
---------------------------+-------+-------+-------+-------+-------++-------
  Melee: Flail             |    62 |    91 |    61 |       |       ||   214
         Dire flail        |       |       |   160 |   627 |   280 ||  1067
         Eveningstar       |       |       |       |       |    66 ||    66
  Throw: Boomerang         |       |       |    14 |     2 |       ||    16
         Stone             |       |       |       |     2 |     3 ||     5
 Invoke: Slouch            |       |       |       |     1 |     1 ||     2
Ability: Dig               |       |     1 |     1 |     6 |     5 ||    13
  Evoke: Wand              |       |       |     5 |     3 |     2 ||    10
    Use: Potion            |     1 |       |       |     1 |     2 ||     4
         Scroll            |       |     8 |     2 |    14 |     3 ||    27
   Stab: Distracted        |       |       |       |     1 |       ||     1
         Invisible         |       |       |       |       |     4 ||     4
 Armour: Scale mail        |    22 |       |       |       |       ||    22
         Chain mail        |       |    97 |   128 |   129 |       ||   354
         Plate armour      |       |       |       |    54 |    96 ||   150
         Fire dragon scale |       |       |       |       |     2 ||     2
  Dodge: Dodged            |    16 |    51 |   116 |   289 |   157 ||   629
  Block: Buckler           |    15 |    36 |    75 |   453 |   115 ||   694
         Reflection        |       |       |       |    22 |       ||    22

Table legend: (Time is in decaauts)
 A = Elapsed time spent in this place.
 B = Non-inter-level travel time spent in this place.
 C = Inter-level travel time spent in this place.
 D = Time resting spent in this place.
 E = Time spent auto-exploring this place.
 F = Levels seen in this place.
 G = Mean time per level.
                   A        B        C        D        E       F      G
               +--------+--------+--------+--------+--------+-----+--------+
         Total |  21154 |  19982 |   1172 |   2476 |   8868 |  18 | 1175.2 |
       Dungeon |  13768 |  12909 |    859 |   1715 |   7918 |  10 | 1376.8 |
        Temple |    103 |    103 |      0 |     87 |      0 |   1 |  103.0 |
          Lair |   6149 |   5837 |    312 |    319 |    921 |   5 | 1229.8 |
        Bailey |    633 |    633 |      0 |    187 |     28 |   1 |  633.0 |
       Volcano |    499 |    499 |      0 |    168 |      0 |   1 |  499.0 |
               +--------+--------+--------+--------+--------+-----+--------+

Top non-repeatable levels by time:
     D:8: 3170 daAuts
    D:10: 1795 daAuts
     D:9: 1748 daAuts
  Lair:1: 1679 daAuts
  Lair:4: 1541 daAuts
  Lair:3: 1498 daAuts
     D:7: 1418 daAuts
     D:4: 1342 daAuts
  Lair:2: 1324 daAuts
     D:5: 1040 daAuts
     D:3: 945 daAuts
     D:6: 898 daAuts
     D:2: 810 daAuts
  Bailey: 633 daAuts
     D:1: 597 daAuts
